 Dungeon Crawl Stone Soup version 0.27-a0-1228-gfd60fd639a (webtiles) character file.

Game seed: 4600697579911485651

204 dickylongcocking the Skirmisher (level 6, -1/46 HPs)
             Began as a Djinni Fire Elementalist on June 7, 2021.
             Slain by Sigmund
             ... wielding a +0 scythe
              (11 damage)
             ... on level 4 of the Dungeon.
             The game lasted 00:04:24 (6116 turns).

dickylongcocking the Skirmisher (DjFE)              Turns: 6116, Time: 00:04:25

Health: -1/46      AC:  2    Str:  7      XL:     6   Next: 9%
Gold:   130        EV: 12    Int: 18 (19) God:
                   SH:  4    Dex: 13

rFire    + + +     SeeInvis .   c - +0 mace
rCold    x . .     Faith    .   j - +0 buckler
rNeg     . . .     Spirit   .   e - +0 leather armour
rPois    ∞         Reflect  .   (no helmet)
rElec    .         Harm     .   (no cloak)
rCorr    .         Rampage  .   i - +0 pair of gloves
Will     .....                  (boots unavailable)
Stlth    ++........             (no amulet)
HPRegen  0.15/turn              b - ring of protection from fire
MPRegen  0.00/turn              (no ring)

@: flying, very slightly contaminated
A: sickness immunity, fire resistance 2, cold vulnerability 1, float, innate
caster, hp casting, extra vitality 1, deformed body, deterioration 1, sturdy
frame 1
a: no special abilities


You were on level 4 of the Dungeon.
You visited 1 branch of the dungeon, and saw 4 of its levels.

You collected 130 gold pieces.

Inventory:

Hand Weapons
 c - a +0 mace (weapon)
Missiles
 f - 4 atropa-tipped darts
Armour
 a - a +0 robe
 e - a +0 leather armour (worn)
 i - a +0 pair of gloves (worn)
 j - a +0 buckler (worn)
Jewellery
 b - a ring of protection from fire (left hand)
 o - a ring of poison resistance
Scrolls
 d - a scroll of fog {unknown}
 g - a scroll of identify {unknown}
 k - a scroll of blinking {unknown}
 m - a scroll of teleportation {unknown}
 n - 2 scrolls of torment {unknown}
Potions
 h - a potion of resistance
 l - 2 potions of might
 p - a potion of lignification


   Skills:
 + Level 3.2 Fighting
 + Level 1.2 Armour
 - Level 2.5 Dodging
 - Level 1.6 Stealth
 * Level 2.3 Shields
 - Level 3.1 Spellcasting


You couldn't memorise any spells.
You knew the following spells:

 Your Spells              Type           Power      Damage    Failure   Level
a - Foxfire               Conj/Fire      56%        2x1d6     6%          1
b - Conjure Flame         Conj/Fire      14%        6-21      19%         3
c - Inner Flame           Hex/Fire       14%        N/A       19%         3
d - Sticky Flame          Conj/Fire      14%        2d4       52%         4
e - Fireball              Conj/Fire      7%         3d5       86%         5
f - Apportation           Tloc           28%        N/A       6%          1
g - Slow                  Hex            14%        N/A       9%          2
Your spell library was empty.

Dungeon Overview and Level Annotations

Branches:
Dungeon (4/15)
 Temple: D:4-7

Altars:
Nemelex Xobeh

Shops:
D:2 =

Annotations:
D:4 Sigmund


Innate Abilities, Weirdness & Mutations

You are immune to sickness and miasma.
You are immune to poison.
Your flesh is very heat resistant. (rF++)
You are vulnerable to cold. (rC-)
You float through the air rather than walking.
You learn spells naturally, not from books.
Your magical power is your life essence.
You have superior vitality. (+4 HP)
Armour fits poorly on your strangely shaped body.
Your body sometimes deteriorates upon taking damage.
Your movements are slightly less encumbered by armour. (ER -2)


Message History

Confirm with . or Enter, or press ? or * to list all spells.
You miscast Foxfire.
You are very lightly contaminated with residual magic.
Nothing appears to happen.
Unknown command.
Unknown command.
Casting: Foxfire (safe; 5% risk of failure)
Confirm with . or Enter, or press ? or * to list all spells.
You conjure some foxfire!
Sigmund hits you from afar with a +0 scythe!
Unknown command.
Unknown command.
Casting: Foxfire (safe; 5% risk of failure)
Confirm with . or Enter, or press ? or * to list all spells.
You conjure some foxfire!
The foxfire hits Sigmund.
Sigmund is lightly wounded.
The foxfire hits Sigmund.
Sigmund is lightly wounded.
Sigmund barely misses you.
Unknown command.
Sigmund hits you with a +0 scythe!
Casting: Foxfire (safe; 5% risk of failure)
Confirm with . or Enter, or press ? or * to list all spells.
The spell is extremely dangerous to cast (50% risk of failure)!
Continue anyway?
Aiming: Sticky Flame (extremely dangerous; 50% risk of failure)
Press: ? - help, Shift-Dir - straight line, f - Sigmund
Aim: Sigmund, wielding a +0 scythe and wearing a +0 robe (lightly wounded, ally target, 100% to hit)
The sticky flame hits Sigmund.
Sigmund is moderately wounded.
Sigmund is covered in liquid flames!
Sigmund burns!
Sigmund hits you with a +0 scythe!
* * * LOW HITPOINT WARNING * * *
Your body deteriorates!
You feel dopey.
Unknown command.
Unknown command.
Okay, then.
Your foxfire dissipates!
Sigmund burns!
Sigmund hits you from afar with a +0 scythe!
You die...

$. #.#.# #.....#.##.#.. #.
#.#.# ###.#.#.##.#(# #.
#.#.#####.#.#.##.#.# #.
####.#...........)..... #.
#.............##.......
#.#####.####.#####..##.##.#..
#....<.........{....##.##....
#######....[.#####..##.####..
#.###.@#####..##.## #.. #.#
#...@<........# #.. #.#
#.######..###.# .. #.# #.#
#..# #.. !.. ...# #.###..
.... [. ....## .. ##... ..
####


You could see Sigmund (burning).

Vanquished Creatures
  An orc wizard (D:3)
  6 adders
  A white imp (D:3)
  4 dart slugs
  8 orcs
  5 bats
  12 endoplasms
  6 giant cockroaches
  8 goblins
  5 hobgoblins
  8 jackals
  4 kobolds
  A quokka (D:1)
  12 ball pythons
  6 frilled lizards
  10 rats
97 creatures vanquished.

Vanquished Creatures (others)
  284 foxfires
  A plant (D:3)
285 creatures vanquished.

Grand Total: 382 creatures vanquished

Notes
Turn   | Place    | Note
-------+----------+-------------------------------------------
     0 | D:1      | dickylongcocking the Djinni Fire Elementalist began the
                  | quest for the Orb.
     0 | D:1      | Reached XP level 1. HP: 15/15 MP: 0/0
    98 | D:1      | Found a faded altar of an unknown god.
   369 | D:1      | Reached XP level 2. HP: 19/22 MP: 0/0
   373 | D:1      | Reached skill level 1 in Fighting
   725 | D:1      | Reached XP level 3. HP: 17/28 MP: 0/0
   725 | D:1      | Learned a level 1 spell: Apportation
  2092 | D:1      | Reached XP level 4. HP: 16/34 MP: 0/0
  2859 | D:2      | Reached skill level 1 in Shields
  3043 | D:2      | Found Maaguese's Jewellery Boutique.
  3295 | D:2      | Reached XP level 5. HP: 28/40 MP: 0/0
  3295 | D:2      | Learned a level 2 spell: Slow
  4843 | D:3      | Reached skill level 1 in Armour
  5134 | D:3      | Gained mutation: Armour fits poorly on your strangely
                  | shaped body. [potion of mutation]
  5134 | D:3      | Gained mutation: Your body sometimes deteriorates upon
                  | taking damage. [potion of mutation]
  5134 | D:3      | Gained mutation: Your movements are slightly less
                  | encumbered by armour. (ER -2) [potion of mutation]
  5144 | D:3      | Reached XP level 6. HP: 9/46 MP: 0/0
  5691 | D:4      | Found a sparkling altar of Nemelex Xobeh.
  5745 | D:4      | Noticed Sigmund
  6116 | D:4      | Slain by Sigmund

Illustrated notes

Levels and vault maps discovered:
D:1:      onia_arrival_handbag, layout_loops_cross,
          hellmonk_ecumenical_altar_slurped_away, minmay_tetromino_i4
D:2:      kennysheep_six_static_rooms, layout_loops_cross, serial_shops, shop,
          chequers_serial_rivers_micro_a, serial_park_tiny_1
D:3:      layout_basic, minmay_shallow_snake_nest
D:4:      layout_loops_ring, kennysheep_mini, tso_oasis_becter,
          minmay_temple_entry_glassed_door, uniq_crazy_yiuf_cottage,
          uniq_sigmund, uniq_grinder

Skill      XL: |  1  2  3  4  5 |
---------------+----------------+-----
Fighting       | 1 2 3 |  3.2
Shields        | 1 2 |  2.3
Spellcasting   | 3 |  3.1
Armour         | 1 |  1.2
Dodging        | |  2.5
Stealth        | |  1.6

Action                   |  1- 3 |  4- 6 || total
-------------------------+-------+-------++-------
Melee: Unarmed           |     2 |     2 ||     4
       Mace              |    44 |    78 ||   122
 Cast: Foxfire           |    53 |   130 ||   183
       Slow              |       |     2 ||     2
       Sticky Flame      |       |     1 ||     1
  Use: Potion            |       |     5 ||     5
 Stab: Sleeping          |     3 |       ||     3
       Distracted        |       |     1 ||     1
Armor: Leather armour    |    13 |    43 ||    56
       Robe              |     1 |       ||     1
       Skin              |       |     7 ||     7
Dodge: Dodged            |    58 |    90 ||   148
Block: Buckler           |     5 |    27 ||    32

Table legend: (Time is in decaauts)
 A = Elapsed time spent in this place.
 B = Non-inter-level travel time spent in this place.
 C = Inter-level travel time spent in this place.
 D = Time resting spent in this place.
 E = Time spent auto-exploring this place.
 F = Levels seen in this place.
 G = Mean time per level.
                   A        B        C        D        E       F      G
               +--------+--------+--------+--------+--------+-----+--------+
         Total |   6170 |   6082 |     88 |    817 |   4438 |   4 | 1542.5 |
       Dungeon |   6170 |   6082 |     88 |    817 |   4438 |   4 | 1542.5 |
               +--------+--------+--------+--------+--------+-----+--------+

Top non-repeatable levels by time:
     D:1: 2485 daAuts
     D:3: 1929 daAuts
     D:2: 1600 daAuts
     D:4: 155 daAuts
